 Dungeon Crawl Stone Soup version 0.26-a0-812-g31a745ddcd (webtiles) character file.

Game seed: 9822574777415977287

15 kae the Insei (level 2, 0/16 HPs)
             Began as a Tengu Transmuter on Nov 23, 2020.
             Slain by a goblin
             ... wielding a +0 dagger
              (4 damage)
             ... on level 1 of the Dungeon.
             The game lasted 00:00:21 (388 turns).

kae the Insei (Tengu Transmuter)                     Turns: 388, Time: 00:00:22

Health: 0/16       AC:  2    Str: 10    XL:     2   Next: 50%
Magic:  5/6        EV: 13    Int: 15    God:
Gold:   0          SH:  0    Dex: 14    Spells: 4/5 levels left

rFire    . . .     SeeInvis .     - Unarmed
rCold    . . .     Faith    .   (no shield)
rNeg     . . .     Spirit   .   a - +0 robe
rPois    .         Reflect  .   (helmet currently unavailable)
rElec    .         Harm     .   (no cloak)
rCorr    .         Rampage  .   (no gloves)
MR       .....                  (boots unavailable)
Stlth    +.........             (no amulet)
HPRegen  0.05/turn              (no ring)
MPRegen  0.10/turn              (no ring)

@: appendages (expiring)
A: beak, horns 2, talons 3, clever 1, subdued magic 1
a: End Transformation


You were on level 1 of the Dungeon.
You had grown temporary horns.
You visited 1 branch of the dungeon, and saw 1 of its levels.

Inventory:

Armour
 a - a +0 robe (worn)
Scrolls
 b - a scroll of blinking {unknown}
 c - a scroll of identify {unknown}


   Skills:
 + Level 1.2 Fighting
 + Level 0.6 Armour
 + Level 2.3 Dodging
 * Level 3.5 Unarmed Combat
 + Level 2.0 Spellcasting
 * Level 1.8 Transmutations


You had 4 spell levels left.
You knew the following spells:

 Your Spells              Type           Power        Failure   Level
a - Beastly Appendage     Tmut           #.....       9%          1

Your spell library contained the following spells:

 Spells                   Type           Power        Failure   Level
 Wereblood                Tmut           #.......     13%         2
 Spider Form              Tmut/Pois      #.........   36%         3
 Ice Form                 Ice/Tmut       #.......     80%         4
 Blade Hands              Tmut           #.........   95%         5


Dungeon Overview and Level Annotations

Branches:
Dungeon (1/15)

Altars:


Innate Abilities, Weirdness & Mutations

You have a beak for a mouth.
You have claws for feet.
You have a pair of horns on your head.
Your mind is acute. (Int +2)
Your spells are a little easier to cast, but a little less powerful.


Message History

The jackal bites you.
Casting: Beastly Appendage (safe; 9% risk of failure)
Confirm with . or Enter, or press ? or * to list all spells.
You grow a pair of large bovine horns.
The jackal bites you.
Your transformation is almost over.
A goblin comes into view. It is wielding a +0 dagger.
The jackal bites you but does no damage.
The goblin shouts!
You hit the jackal but do no damage. Your peck misses the jackal.
The jackal misses you. The jackal bites you.
You closely miss the jackal. You peck the jackal, but do no damage.
The jackal bites you.
* * * LOW HITPOINT WARNING * * *
You hit the jackal. You peck the jackal.
You kill the jackal!
A jackal comes into view.
You hit the goblin.
The goblin is heavily wounded.
The goblin hits you with a +0 dagger.
You die...

. ####### ^. #......
... #######.#..).
..g
#######.........###
h. ................#
#g########.######.##
#.hKg@.†...# #.#
.(....g######### #.#
....... #.# .##....
.# #.#.# #.#. # #. #
.. # #


You could see a jackal, a hobgoblin, 2 goblins and a kobold.

Vanquished Creatures
  2 bats (D:1)
  3 hobgoblins (D:1)
  3 jackals (D:1)
  A goblin (D:1)
  3 kobolds (D:1)
  A rat (D:1)
13 creatures vanquished.

Notes
Turn   | Place    | Note
-------+----------+-------------------------------------------
     0 | D:1      | kae the Tengu Transmuter began the quest for the Orb.
     0 | D:1      | Reached XP level 1. HP: 12/12 MP: 4/4
   345 | D:1      | Reached XP level 2. HP: 15/16 MP: 4/6
   373 | D:1      | Gained mutation: Your spells are a little easier to cast,
                  | but a little less powerful. [potion of mutation]
   373 | D:1      | Gained mutation: Your mind is acute. (Int +2) [potion of
                  | mutation]
   388 | D:1      | Slain by a goblin

Illustrated notes

Levels and vault maps discovered:
D:1:      co_arrival_hexagon_in_a_hexagon, layout_loops_ring,
          kennysheep_nondescript

Action                   || total
-------------------------++-------
Melee: Unarmed           ||    25
       Peck              ||     4
       Kick              ||     3
       Headbutt          ||     1
 Cast: Beastly Appendage ||     6
  Use: Potion            ||     1
Armor: Robe              ||     3
Dodge: Dodged            ||    12

Table legend: (Time is in decaauts)
 A = Elapsed time spent in this place.
 B = Non-inter-level travel time spent in this place.
 C = Inter-level travel time spent in this place.
 D = Time resting spent in this place.
 E = Time spent auto-exploring this place.
 F = Levels seen in this place.
 G = Mean time per level.
                   A        B        C        D        E       F      G
               +--------+--------+--------+--------+--------+-----+--------+
         Total |    387 |    387 |      0 |     49 |    272 |   1 |  387.0 |
       Dungeon |    387 |    387 |      0 |     49 |    272 |   1 |  387.0 |
               +--------+--------+--------+--------+--------+-----+--------+

Top non-repeatable levels by time:
     D:1: 387 daAuts
